 Dungeon Crawl Stone Soup version 0.29.1-15-g9cfb28693d (webtiles) character file.

Game seed: 14246712192978663745

21828 raph the Geomancer (level 12, -4/73 HPs)
             Began as a Gargoyle Earth Elementalist on Mar 5, 2023.
             Was a High Priest of Zin.
             Slain by an eight-headed hydra (6 damage)
             ... on level 2 of the Lair of Beasts.
             The game lasted 00:29:53 (16378 turns).

raph the Geomancer (Gargoyle Earth Elementalist)   Turns: 16378, Time: 00:29:53

Health: -4/73      AC: 18    Str: 18    XL:     12   Next: 94%
Magic:  20/22      EV: 13    Int: 21    God:    Zin [*****.]
Gold:   582        SH:  5    Dex: 10    Spells: 10/24 levels left

rFire   + . .      SeeInvis +   a - +5 whip (elec)
rCold   . . .      Faith    .   H - +0 buckler
rNeg    + . .      Spirit   .   m - +0 steam dragon scales
rPois   ∞          Reflect  .   I - +2 hat {SInv}
rElec   +          Harm     .   J - +2 cloak
rCorr   .          Rampage  .   (no gloves)
Will    .....                   (no boots)
Stlth   ++........              A - amulet of regeneration
HPRegen 1.02/turn               p - ring of protection from fire
MPRegen 0.18/turn               D - +6 ring of strength

@: very slightly contaminated
A: sickness immunity, AC +8, negative energy resistance 1, electricity
resistance, torment resistance 1, petrification resistance
a: Renounce Religion, Recite, Vitalisation, Imprison, Sanctuary, Donate Gold


You were on level 2 of the Lair of Beasts.
You worshipped Zin.
Zin was extremely pleased with you.
You visited 2 branches of the dungeon, and saw 11 of its levels.
You also visited: Bailey.

You collected 672 gold pieces.
You donated 90 gold pieces to Zin.

Inventory:

Hand Weapons
 a - a +5 whip of electrocution (weapon)
 k - a +1 whip of protection
Missiles
 f - 27 poisoned darts
 y - 7 curare-tipped darts
Armour
 d - a +0 robe of willpower
 l - a +1 helmet
 m - +0 steam dragon scales (worn)
 B - a +1 leather armour of fire resistance
 H - a +0 buckler (worn)
 I - a +2 hat of see invisible (worn)
 J - a +2 cloak (worn)
Jewellery
 n - an amulet of reflection
 p - a ring of protection from fire (left hand)
 r - a ring of protection from cold
 A - an amulet of regeneration (around neck)
 D - a +6 ring of strength (right hand)
Wands
 h - a wand of roots (11)
 u - a wand of charming (3)
 E - a wand of mindburst (5)
 G - a wand of flame (33)
Scrolls
 c - a scroll of teleportation
 w - a scroll of amnesia
Potions
 e - 5 potions of heal wounds
 g - 6 potions of curing
 i - 2 potions of cancellation
 j - a potion of might
 o - 6 potions of flight
 q - a potion of ambrosia
 s - a potion of attraction
 t - 6 potions of mutation
 v - a potion of lignification {unknown}
 x - 2 potions of invisibility
 z - a potion of haste {unknown}
 C - 3 potions of brilliance
 F - 2 potions of berserk rage


   Skills:
 + Level 7.7 Fighting
 + Level 5.5 Maces & Flails
 + Level 6.1 Dodging
 - Level 2.1 Stealth
 + Level 5.0 Shields
 + Level 6.8 Spellcasting
 * Level 10.4 Conjurations
 + Level 0.3 Hexes
 - Level 0.7 Transmutations
 + Level 12.9 Earth Magic
 + Level 7.6 Invocations


You had 10 spell levels left.
You knew the following spells:

 Your Spells              Type           Power      Damage    Failure   Level
a - Sandblast             Erth           100%       2d20      1%          1
b - Passwall              Tmut/Erth      29%        N/A       1%          2
c - Stone Arrow           Conj/Erth      100%       3d13      1%          3
d - Petrify               Tmut/Erth      35%        N/A       7%          4
e - Fulminant Prism       Conj/Hex       14%        3d9       12%         4

Your spell library contained the following spells:

 Spells                   Type           Power      Damage    Failure   Level
 Magic Dart               Conj           100%       1d8       1%          1
 Searing Ray              Conj           100%       2d8       1%          2
 Blink                    Tloc           14%        N/A       17%         2
 Gell's Gravitas          Tloc           7%         N/A       34%         3
 Lesser Beckoning         Tloc           7%         N/A       34%         3
 Teleport Other           Tloc           7%         N/A       34%         3
 Manifold Assault         Tloc           7%         N/A       97%         5
 Dispersal                Tloc           3%         N/A       100%        6


Dungeon Overview and Level Annotations

Branches:
Dungeon (9/15)             Temple (0/1) D:6            Lair (2/5) D:9
  Swamp (0/4) Lair:2        Snake (0/4) Lair:2       Bailey (visited)
    Orc: D:9-12

Altars:
Fedhas
Hepliaklqana
Okawaru
Qazlal
Ru
Sif Muna
Wu Jian
Xom
Zin
The Shining One

Shops:
D:7 :

Annotations:
D:1 passwall
D:7 2 transporters, exclusion: ice statue, ponobo's ghost, novice GnFE


Innate Abilities, Weirdness & Mutations

You are immune to sickness and miasma.
Your stone body is resilient. (AC +8)
You are immune to poison.
You resist negative energy. (rN+)
You are resistant to electric shocks. (rElec)
You are resistant to unholy torment.
You are immune to petrification.


Message History

Unknown command.
Okay, then.
You feel much better.
The eight-headed hydra bites you but does no damage.
You block the eight-headed hydra's attack.
The eight-headed hydra bites you. x2
The eight-headed hydra bites you but does no damage.
The eight-headed hydra bites you.
The eight-headed hydra bites you but does no damage.
The eight-headed hydra bites you.
Casting: Stone Arrow (safe; 1% risk of failure)
Confirm with . or Enter, or press ? or * to list all spells.
You don't have enough magic to cast this spell.
Unknown command.
Magic courses through your body.
The eight-headed hydra barely misses you.
You block the eight-headed hydra's attack.
The eight-headed hydra bites you but does no damage.
The eight-headed hydra bites you! x2
The eight-headed hydra barely misses you.
The eight-headed hydra bites you!
* * * LOW HITPOINT WARNING * * *
The eight-headed hydra bites you but does no damage.
Casting: Stone Arrow (safe; 1% risk of failure)
Confirm with . or Enter, or press ? or * to list all spells.
Aiming: Stone Arrow (safe; 1% risk of failure)
Press: ? - help, Shift-Dir - straight line, f/p - eight-headed hydra
Aim: an eight-headed hydra (severely wounded, 92% to hit)
The stone arrow hits the eight-headed hydra!
The eight-headed hydra is almost dead.
The eight-headed hydra bites you.
* * * LOW HITPOINT WARNING * * *
The eight-headed hydra completely misses you.
The eight-headed hydra bites you!
* * * LOW HITPOINT WARNING * * *
The eight-headed hydra bites you! Zin protects you from harm!
The eight-headed hydra bites you but does no damage.
The eight-headed hydra bites you.
You die...

##.........'..[.##..#####..
##.........#......†...Y..+.
#...............##.....FP#.
##.........#....##.......#.
#..............##.......#.
##...)##...P.....#......>..
#P...............##P.##.P..
#.......).......######.....
##........@D...............
#.........................
#.........................
##.........................
#.................###....##
#...P#...##......## #..##
##.........#.....P#. .#P
##..#......#.......# ###
#...#......#.....### #..


You could see an eight-headed hydra.

Vanquished Creatures
  Gastronok (Lair:1)
  2 hydras (Lair:2)
  A two-headed ogre (D:9)
  3 death yaks
  Amaemon (D:8)
  2 black mambas
  A torpor snail (Lair:1)
  An orange demon (D:8)
  3 cane toads (Lair:2)
  4 komodo dragons
  Maggie (D:6)
  2 rime drakes (Lair:2)
  2 polar bears
  Grinder (D:6)
  9 blink frogs (Lair:1)
  2 dream sheep (Lair:1)
  Sigmund (D:3)
  33 yaks
  A wyvern (D:8)
  A basilisk (Lair:2)
  A steam dragon (D:8)
  A swamp worm (Lair:2)
  2 nagas (Lair:2)
  6 water moccasins
  3 sky beasts (D:6)
  An orc warrior (D:8)
  5 ice beasts
  2 black bears
  4 centaurs
  3 ogres
  A phantom (D:5)
  3 kobold brigands
  9 bullfrogs
  A gnoll sergeant (D:9)
  4 scorpions
  3 wights (D:9)
  3 howler monkeys (D:8)
  An electric eel (D:8)
  2 hounds
  3 jellies
  3 gnoll boudas
  3 orc priests
  Jessica (D:3)
  10 orc wizards
  6 iguanas
  21 gnolls
  5 adders
  2 white imps
  An ufetubus (D:7)
  2 worms
  5 dart slugs
  21 orcs
  7 endoplasms
  3 giant cockroaches
  4 goblins
  3 hobgoblins (D:3)
  4 jackals
  14 kobolds
  5 quokkas
  7 ball pythons
  11 bats
  2 frilled lizards (D:1)
  6 rats
276 creatures vanquished.

Vanquished Creatures (collateral kills)
  A gnoll (Bailey)
1 creature vanquished.

Vanquished Creatures (others)
  41 fulminant prisms
  51 fungi
  81 plants
173 creatures vanquished.

Grand Total: 450 creatures vanquished

Notes
Turn   | Place    | Note
-------+----------+-------------------------------------------
     0 | D:1      | raph the Gargoyle Earth Elementalist began the quest for
                  | the Orb.
     0 | D:1      | Reached XP level 1. HP: 10/10 MP: 3/3
   204 | D:1      | Reached skill level 4 in Earth Magic
   246 | D:1      | Reached XP level 2. HP: 15/15 MP: 1/5
   291 | D:1      | Learned a level 2 spell: Passwall
  1141 | D:1      | Reached skill level 5 in Earth Magic
  1141 | D:1      | Reached XP level 3. HP: 19/19 MP: 4/6
  1204 | D:1      | Found a faded altar of an unknown god.
  1453 | D:2      | Found a glowing silver altar of Zin.
  1469 | D:2      | Became a worshipper of Zin the Law-Giver
  1499 | D:2      | Donated 23 gold pieces to Zin
  1675 | D:2      | Reached * piety under Zin
  2239 | D:3      | Noticed Jessica
  2318 | D:3      | Learned a level 3 spell: Stone Arrow
  2491 | D:2      | Reached XP level 4. HP: 14/24 MP: 3/7
  2812 | D:3      | Killed Jessica
  2813 | D:3      | Reached skill level 6 in Earth Magic
  2854 | D:3      | Noticed Sigmund
  2861 | D:3      | Killed Sigmund
  2862 | D:3      | Reached skill level 8 in Earth Magic
  2862 | D:3      | Reached XP level 5. HP: 28/28 MP: 3/8
  2862 | D:3      | Reached XP level 6. HP: 32/32 MP: 3/9
  3229 | D:2      | Reached ** piety under Zin
  3551 | D:3      | You fall into a shaft and drop 3 floors!
  3659 | D:6      | Noticed Grinder
  3668 | D:6      | Killed Grinder
  3669 | D:6      | Reached skill level 9 in Earth Magic
  3669 | D:6      | Reached XP level 7. HP: 36/36 MP: 0/10
  3828 | D:6      | Reached skill level 10 in Earth Magic
  3926 | D:5      | Entered Level 5 of the Dungeon
  3970 | D:5      | Reached skill level 1 in Fighting
  3970 | D:5      | Reached skill level 1 in Conjurations
  3975 | D:5      | Reached skill level 1 in Invocations
  4031 | D:5      | Reached XP level 8. HP: 44/44 MP: 5/11
  4376 | D:5      | Found a stormy altar of Qazlal.
  4619 | D:5      | Found a sand-covered staircase.
  5582 | D:4      | Learned a level 4 spell: Petrify
  6192 | D:4      | Reached *** piety under Zin
  6294 | D:4      | Found a glowing silver altar of Zin.
  6680 | D:4      | Reached XP level 9. HP: 51/51 MP: 4/14
  6685 | D:4      | Learned a level 4 spell: Fulminant Prism
  7387 | D:6      | Noticed Maggie
  7395 | D:6      | Killed Maggie
  7645 | D:6      | Reached skill level 11 in Earth Magic
  7942 | D:6      | Reached skill level 5 in Conjurations
  8035 | D:6      | Found a staircase to the Ecumenical Temple.
  8391 | D:7      | Found a shimmering blue altar of Sif Muna.
  8437 | D:7      | Found a flagged portal.
  8447 | Bailey   | Entered a bailey
  8472 | Bailey   | Noticed an orc knight
  8485 | Bailey   | Zin protects you from harm!
  8665 | D:7      | Found a transporter.
  8679 | D:7      | Noticed ponobo's ghost (novice GnFE)
  8680 | D:7      | Noticed a cyclops
  8703 | D:7      | Noticed an ice statue
  8748 | D:7      | Found a transporter.
  8961 | D:7      | Found Muaw's Vocational Training.
  9295 | D:8      | Reached XP level 10. HP: 51/58 MP: 13/16
  9399 | D:8      | Reached skill level 1 in Maces & Flails
  9562 | D:8      | Reached **** piety under Zin
  9616 | D:8      | Reached skill level 5 in Fighting
  9681 | D:8      | Noticed Amaemon
  9691 | D:8      | Noticed an orange demon
  9695 | D:8      | Killed Amaemon
  9696 | D:8      | Reached skill level 5 in Invocations
  9698 | D:8      | Killed an orange demon
 10123 | D:9      | Found an ornate altar of the Wu Jian Council.
 10234 | D:9      | Reached skill level 5 in Spellcasting
 10364 | D:9      | Found a staircase to the Lair.
 10623 | D:9      | Found a blossoming altar of Fedhas.
 10687 | D:9      | Found a hazy altar of Hepliaklqana.
 10687 | D:9      | Found a shimmering altar of Xom.
 10688 | D:9      | Found a sacrificial altar of Ru.
 10819 | D:9      | Noticed a two-headed ogre
 10826 | D:9      | Killed a two-headed ogre
 10827 | D:9      | Reached XP level 11. HP: 64/64 MP: 5/19
 10945 | D:9      | Found a glowing golden altar of the Shining One.
 10992 | D:9      | Reached skill level 1 in Shields
 11318 | D:9      | Reached skill level 12 in Earth Magic
 11447 | D:9      | Reached skill level 5 in Dodging
 11928 | D:9      | Found an iron altar of Okawaru.
 11997 | Lair:1   | Entered Level 1 of the Lair of Beasts
 12483 | Lair:1   | Noticed Gastronok
 12499 | Lair:1   | Killed Gastronok
 12777 | Lair:1   | Reached ***** piety under Zin
 13492 | Lair:1   | Reached XP level 12. HP: 69/71 MP: 6/21
 13882 | Lair:2   | Noticed a death yak
 13918 | Lair:1   | Killed a death yak
 14584 | Lair:1   | Reached skill level 5 in Maces & Flails
 14741 | Lair:2   | Noticed a seven-headed hydra
 14762 | Lair:2   | Killed a seven-headed hydra
 14765 | Lair:2   | Reached skill level 10 in Conjurations
 14960 | Lair:2   | Noticed a death yak
 14961 | Lair:2   | Noticed a death yak
 14992 | Lair:2   | Killed a death yak
 15029 | Lair:2   | Noticed a six-headed hydra
 15032 | Lair:2   | Killed a death yak
 15033 | Lair:2   | Noticed a four-headed hydra
 15235 | Lair:2   | Found a staircase to the Snake Pit.
 15773 | Lair:2   | Killed a six-headed hydra
 15970 | Lair:2   | Reached skill level 5 in Shields
 16181 | Lair:2   | Found a staircase to the Swamp.
 16359 | Lair:2   | Noticed an eight-headed hydra
 16378 | Lair:2   | HP: 2/73 [eight-headed hydra (7)]
 16378 | Lair:2   | Zin protects you from harm!
 16378 | Lair:2   | Slain by an eight-headed hydra

Illustrated notes

Levels and vault maps discovered:
D:1:      minmay_arrival_glassed_features, layout_basic,
          shapermc_ecumenical_altar_totnotflames
D:2:      layout_basic, basic_altar, bh_walls_and_bars
D:3:      layout_rooms, uniq_sigmund, uniq_jessica
D:4:      minmay_recursive_quarters, layout_layer_cave, pf_just_have_faith
D:5:      layout_basic, nicolae_qazlal_general_emergency,
          chequers_ossuary_entry_cave
D:6:      layout_loops_ring, minmay_temple_entry_enclosed_plants,
          columned_hall_lemuel, minmay_fountain_box, kennysheep_generic_room_7,
          uniq_grinder, uniq_maggie, uniq_menkaure
D:7:      layout_basic, lemuel_doored_altar, nzn_ghost_randoct, enter_bailey_2,
          nicolae_shop_vocational
D:8:      layout_loops_ring, dreamdust_wishing_well, kennysheep_generic_room_2,
          uniq_amaemon
D:9:      layout_small_grid, kennysheep_mini, nzn_wu_jian_contemplation,
          nicolae_tso_carved_into_rock,
          chequers_temple_overflow_statue_of_worship,
          due_lair_maze_entry_diamond, minmay_door_square
Lair:1:   layout_regular_city, uniq_gastronok
Lair:2:   layout_regular_city, palyth_hydra_swamp_entry,
          minmay_snake_entry_guardpost_small

Skill      XL: |  1  2  3  4  5  6  7  8  9 10 11 12 |
---------------+-------------------------------------+-----
Earth Magic    | 4 5 8 9 10 11 12 | 12.9
Fighting       | 1 3 4 5 6 7 |  7.7
Conjurations   | 1 3 5 7 9 10 | 10.4
Invocations    | 1 3 4 5 6 7 |  7.6
Dodging        | 2 3 4 5 6 |  6.1
Spellcasting   | 3 4 5 6 |  6.8
Maces & Flails | 3 4 5 |  5.5
Shields        | 3 5 |  5.0
Stealth        | |  2.1
Hexes          | |  0.3
Transmutations | |  0.7

Action                   |  1- 3 |  4- 6 |  7- 9 | 10-12 || total
-------------------------+-------+-------+-------+-------++-------
Melee: Unarmed           |     1 |       |       |       ||     1
       Whip              |     9 |     1 |    77 |   208 ||   295
 Cast: Sandblast         |    58 |    34 |   132 |   149 ||   373
       Passwall          |     2 |       |     3 |     2 ||     7
       Stone Arrow       |       |     2 |    29 |    58 ||    89
       Fulminant Prism   |       |       |       |    41 ||    41
       Petrify           |       |       |       |    14 ||    14
Invok: Donate Gold       |     1 |       |       |       ||     1
       Vitalisation      |       |     1 |     1 |     2 ||     4
       Recite            |       |       |     2 |     1 ||     3
Evoke: Wand              |       |       |     5 |     4 ||     9
  Use: Scroll            |     8 |     1 |    14 |     7 ||    30
       Potion            |       |       |     1 |     5 ||     6
 Stab: Sleeping          |       |       |     1 |       ||     1
       Petrified         |       |       |       |    15 ||    15
       Petrifying        |       |       |       |     2 ||     2
Armor: Robe              |    25 |     4 |    73 |       ||   102
       Steam dragon scal |       |       |       |   187 ||   187
Dodge: Dodged            |    43 |    17 |    52 |   259 ||   371
Block: Other             |    12 |     9 |    13 |       ||    34
       Reflection        |       |     1 |     1 |       ||     2
       Buckler           |       |       |       |    60 ||    60
